[Event "Pan-American Team-ch 2024"]
[Site "McAllen"]
[Date "2024.01.08"]
[Round "6.6"]
[White "Hakobyan, Aram"]
[Black "Khanin, Semen"]
[Result "1/2-1/2"]
[ECO "E56"]
[WhiteElo "2616"]
[BlackElo "2558"]
[Annotator "TA"]
[PlyCount "128"]
[EventDate "2024.01.05"]
[EventType "team-tourn"]
[EventCountry "USA"]
[TimeControl "5400+30"]

1. d4 Nf6 2. c4 e6 3. Nf3 d5 4. Nc3 Be7 5. e3 O-O 6. cxd5 exd5 7. Bd3 c5 8. dxc5 Bxc5 9. O-O Nc6 10. h3 a6 $1 {[%mdl 4] is now more promising than 10...Qe7.} 11. b3 {E56: Nimzo-Indian: Rubinstein: Main Line: 7...Nc6.} Ba7 12. Bb2 Re8 13. Ne2 {White is slightly better.} Qd6 14. Rc1 Bd7 {[#]} 15. Rc4 $146 ({Predecessor:} 15. Ned4 Rad8 16. Nf5 Bxf5 17. Bxf5 g6 18. Bb1 d4 19. Nxd4 Nxd4 20. Bxd4 Bxd4 21. exd4 Qxd4 {0-1 Madaminov,M (2484)-Xu,X (2608) Abu Dhabi op 29th 2023 (3)}) 15... Bb8 16. Rh4 Ne4 (16... Ne5 $16 {was worth a try.} 17. Nxe5 Rxe5) 17. Ng3 $1 $18 f5 (17... h6 $142) 18. Bxe4 $2 (18. Rxh7 $1 $18 Kxh7 19. Bxe4) 18... dxe4 $16 {[#]} 19. Rxh7 $3 {[%mdl 576] Decoy} Re7 (19... Kxh7 $2 20. Ng5+ Kg8 21. Qh5 $18) 20. Ng5 {Qh5 would kill now.} Qxd1 21. Rxd1 Bxg3 22. fxg3 {Hoping for Rd6.} Be8 23. Rd6 {White is much more active.} (23. Rf1 $16) 23... Ne5 $1 $14 24. Bxe5 Rxe5 25. Rh4 Rc8 {[#]} 26. Rf4 $1 Rc3 27. g4 fxg4 28. Rxg4 ({And not} 28. Nxe4 Rxe3 29. Rd4 Bc6 30. Rd8+ Kh7 $17) 28... Rxe3 29. Kf2 {[%mdl 64] Prevents Re1. Deflection} Rd3 30. Nxe4 Rxd6 31. Nxd6 $16 {[%mdl 4096] Endgame KRB-KRN} Bc6 32. Nc4 {Against Ra5} Rf5+ 33. Ke2 Bb5 34. h4 Kh7 35. Rd4 Re5+ 36. Kf2 Rf5+ 37. Ke1 Bc6 38. Ne3 Ra5 39. Rd2 Rh5 {[#]} 40. g3 $1 Re5 41. Kf2 Re6 42. Ng2 Re5 43. Ne3 Re6 $1 44. Ng2 Re5 $1 45. Nf4 g5 46. Re2 Rf5 47. hxg5 Rxg5 48. Re7+ Kh6 49. Re6+ Kh7 50. Nd3 Rf5+ 51. Ke2 Rg5 52. Nb4 Bh1 53. Kf2 Rf5+ 54. Kg1 Bf3 55. Nd3 Bc6 56. Nf4 (56. Ne5 $14 Bd5 57. Re7+ Kg8 58. g4) 56... Rc5 $11 57. Kf2 Rc2+ {The position is equal.} 58. Re2 Rc3 59. Re3 Rc2+ 60. Re2 Rc3 61. Ne6 Rf3+ 62. Ke1 {Ng5+ would be deadly.} Rxg3 63. Nd4 Bg2 64. Kf2 Rg4 {[%emt 2:01:07] Blacks defense is rewarded with a draw. An exciting game.   Weighted Error Value: White=0.12 (very precise) /Black=0.10 (very precise)} 1/2-1/2

[Event "Pan-American Team-ch 2024"]
[Site "McAllen"]
[Date "2024.01.08"]
[Round "6.7"]
[White "Matviishen, Viktor"]
[Black "Quesada Perez, Yasser"]
[Result "1/2-1/2"]
[ECO "D33"]
[WhiteElo "2555"]
[BlackElo "2578"]
[Annotator "ChessBase"]
[PlyCount "64"]
[EventDate "2024.01.05"]
[EventType "team-tourn"]
[EventCountry "USA"]
[TimeControl "5400+30"]

1. d4 d5 2. c4 e6 3. Nc3 c5 4. cxd5 exd5 5. Nf3 Nc6 6. g3 Nf6 7. Bg2 cxd4 8. Nxd4 Bc5 9. Nb3 Bb6 10. O-O d4 11. Na4 O-O 12. Bg5 h6 13. Bxf6 Qxf6 14. Nxb6 axb6 15. Bxc6 bxc6 16. Qxd4 Rd8 17. Qxb6 Ba6 18. Rfe1 Qxb2 19. Qxc6 Rdc8 20. Qe4 Re8 21. Qd4 Rxe2 22. Qxb2 Rxb2 23. Reb1 Rxb1+ 24. Rxb1 Bc4 25. Rb2 g5 26. f3 Kg7 27. Kf2 Kf6 28. Ke3 Ke5 29. Rc2 Bd5 30. f4+ gxf4+ 31. gxf4+ Kf6 32. Rd2 Be6 1/2-1/2

[Event "Pan-American Team-ch 2024"]
[Site "McAllen"]
[Date "2024.01.08"]
[Round "6.8"]
[White "Harsha Bharathakoti"]
[Black "Risteski, Emil"]
[Result "1-0"]
[ECO "D37"]
[WhiteElo "2565"]
[BlackElo "2375"]
[Annotator "ChessBase"]
[PlyCount "139"]
[EventDate "2024.01.05"]
[EventType "team-tourn"]
[EventCountry "USA"]
[TimeControl "5400+30"]

1. d4 d5 2. c4 e6 3. Nc3 h6 4. Nf3 Nf6 5. a3 a6 6. cxd5 exd5 7. Bf4 Bd6 8. Be5 c6 9. e3 Qe7 10. Bxd6 Qxd6 11. Qb3 Nbd7 12. Be2 O-O 13. O-O Re8 14. Rac1 g6 15. Rfe1 Kg7 16. Bd3 c5 17. dxc5 Nxc5 18. Qc2 Nce4 19. h3 Ng5 20. Be2 Bf5 21. Qd2 Rad8 22. Red1 Nge4 23. Nxe4 Nxe4 24. Qd4+ Nf6 25. b4 Rc8 26. Qa7 Rxc1 27. Rxc1 Rc8 28. Rc5 Ne4 29. Rxc8 Bxc8 30. Bd3 Nf6 31. Qd4 Qc7 32. Qb2 Qd6 33. Qc3 Bd7 34. Nd4 Kf8 35. Bc2 Ke7 36. a4 Kd8 37. a5 Ke7 38. Bd3 h5 39. Nb3 Bc6 40. Nd4 Bd7 41. f4 Be8 42. Kf2 Bd7 43. Ke2 Be8 44. Kd2 Bd7 45. Kc1 Be8 46. Kb2 Bd7 47. Kb3 Kd8 48. Kb2 Ke7 49. Nb3 Ba4 50. Nc5 Bc6 51. Qd4 Nd7 52. Kc3 Nf6 53. Qe5+ Qxe5+ 54. fxe5 Ne8 55. h4 Nc7 56. Kd4 Ne6+ 57. Nxe6 Kxe6 58. Be2 Kf5 59. Bf3 Ke6 60. g4 hxg4 61. Bxg4+ Ke7 62. Bf3 Ke6 63. Bg2 Ke7 64. Bxd5 Bxd5 65. Kxd5 Kd7 66. e6+ fxe6+ 67. Ke5 Ke7 68. e4 Kf7 69. Kd6 Kf6 70. Kc7 1-0

[Event "Pan-American Team-ch 2024"]
[Site "McAllen"]
[Date "2024.01.08"]
[Round "6.9"]
[White "Liang, Awonder"]
[Black "Koustav Chatterjee"]
[Result "1/2-1/2"]
[ECO "C85"]
[WhiteElo "2640"]
[BlackElo "2546"]
[Annotator "TA"]
[PlyCount "158"]
[EventDate "2024.01.05"]
[EventType "team-tourn"]
[EventCountry "USA"]
[TimeControl "5400+30"]

1. e4 e5 2. Nf3 Nc6 3. Bb5 a6 4. Ba4 Nf6 5. O-O Be7 6. Bxc6 dxc6 7. Re1 Nd7 8. d4 {C85: Closed Ruy Lopez: Deferred Exchange Variation.} exd4 9. Qxd4 O-O 10. Bf4 Nc5 (10... g5 {seems wilder.} 11. Bg3 g4 12. Nfd2 h5) 11. Qe3 (11. Qc3 {is more complex.} Na4 12. Qe3 Bc5 13. Qb3) 11... Ne6 12. Bg3 {[#]} Bd7 $146 ({Predecessor:} 12... c5 13. Nc3 Nd4 14. Rad1 Bg4 15. Ne2 Bxf3 16. gxf3 Nxe2+ 17. Qxe2 Qc8 18. Qc4 b5 {1-0 Sanal,V (2595)-Chigaev,M (2621) Wch Blitz Samarkand 2023 (18)}) 13. Nc3 Qe8 14. Rad1 Rd8 15. Ne5 Bc5 16. Qc1 Bc8 17. Nd3 {next Nxc5 is good for White.} Ba7 18. Kh1 f6 19. f4 Nc5 20. f5 Nxd3 21. cxd3 Qf7 22. a3 Rd7 23. Ne2 Rfd8 24. Nf4 {White is more active.} Re7 25. Qc2 g6 26. fxg6 hxg6 27. Rf1 g5 28. Ne2 f5 29. exf5 Bxf5 30. Qd2 Qg6 (30... Rxd3 $2 31. Qxg5+ Bg6 32. Nf4 Rxd1 33. Rxd1 $18) 31. d4 (31. Ng1 {feels hotter.} Bb6 32. Qb4 Re3 33. Nf3) 31... c5 32. d5 c4 33. Rde1 {White is weak on the light squares} (33. d6 $11 {keeps the balance.} Rf7 34. Nd4 cxd6 35. Nxf5 Rxf5 36. Qe2) 33... Rde8 $1 $17 34. d6 cxd6 35. Qd5+ Qf7 (35... Be6 $5 36. Qxd6 Bf7 $17) 36. Qd2 (36. Rxf5 $15 Qxd5 37. Rxd5) 36... Qg6 ({Black should try} 36... Be3 $17 37. Qd1 Bc5) 37. Bxd6 (37. Qd5+ $1 $11 {remains equal.} Be6 38. Qxd6) 37... Re6 $1 38. Ng3 (38. Qd5 $2 Be4 39. Qxc4 b5 $19) 38... Bd3 {A strong pair of Bishops.} (38... Rxd6 $2 39. Rxe8+ Qxe8 40. Qxd6 $18) (38... Rxe1 $17 39. Rxe1 Rxe1+ 40. Qxe1 Qxd6 41. Nxf5 Qd7) 39. Rxe6 $11 Rxe6 40. Rf8+ Kh7 41. Bb4 {aiming for Bc3.} (41. Qc3 $2 Qg7 42. Qxg7+ Kxg7 $19) 41... Bd4 42. Rd8 Qg7 {[#]} (42... Qf6 $11 43. Rf8 Qg7) 43. Qd1 $1 $18 g4 {[#]} 44. Nf5 $3 Bxf5 $11 45. Rxd4 (45. Qxd4 {simplifies} Qxd4 46. Rxd4 Re2 47. Kg1) 45... Re4 $132 {[%mdl 2048] Black has counterplay} 46. Rd8 (46. Rd5 $11 Qf7 47. Rd8) 46... Qxb2 $15 {[%cal Oa6a5] And now ...a5! would win.} 47. h3 Qe2 (47... gxh3 48. Qh5+ Kg7 49. Qg5+ (49. Qxf5 $2 Qxg2#) 49... Bg6 50. Rd7+ (50. gxh3 Qb1+ 51. Qg1 Re3 $17) (50. gxh3 Qb1+ 51. Qg1 Re3 $17)) ({Better is} 47... Be6 $15 48. Re8 Qe2 49. Qxe2 Rxe2 50. hxg4 Bxg4 51. Rxe2 Bxe2) 48. Qa1 $11 {White wants to mate with Rh8+. The position is equal.} Re8 {Dodges Rh8+} (48... gxh3 {gets mated.} 49. Rh8+ Kg6 50. Rg8+ (50. gxh3 Qf3+ 51. Kg1 Rg4+ 52. hxg4 Qg3+ 53. Kh1 Be4#) 50... Kf7 51. Qg7+ Ke6 52. Qe7+ Kd5 53. Qd6#) 49. Rxe8 Qxe8 {[%mdl 4096] Endgame KQB-KQB} 50. Qf6 {Inhibits gxh3.} Qe6 51. Qh4+ Kg6 52. Qg3 Kf7 53. h4 Kg6 54. Kh2 Qf6 55. Be1 b5 56. Bb4 Bd7 (56... Kh5 {simplifies} 57. Be1 c3 58. Bxc3 Qxh4+ 59. Qxh4+ Kxh4 60. g3+ Kg5) 57. Bc3 Qe7 58. Bd2 Bf5 59. Bg5 Qe6 60. Qc7 Qd7 61. Qc5 Qe6 62. Bf4 Qf6 63. Kg3 Qc3+ 64. Be3 {[%cal Oh4h5] h5+! would be deadly.} Qe1+ 65. Kf4 Qf1+ 66. Ke5 Qa1+ (66... Qxg2 67. Qd6+ Kg7 68. Kxf5 Qf1+ 69. Bf4 (69. Kxg4 Qe2+ 70. Kf5 Qxe3 $11) 69... Qd3+ 70. Qxd3 cxd3 71. Kxg4 $18) 67. Kf4 (67. Bd4 $5 Qe1+ $8 68. Be3 Qg3+ 69. Bf4 Qc3+ 70. Qd4 Qxd4+ 71. Kxd4 $11) 67... Qf1+ 68. Kg3 Qe1+ 69. Bf2 {The board is on fire.} Qc3+ 70. Kh2 {[%cal Oh4h5] h5+! is the strong threat.} Qf6 71. Be1 c3 {[%mdl 64] Deflection} 72. Bxc3 (72. Qxc3 {simplifies} Qxc3 73. Bxc3 Be6 74. Be1) 72... Qxh4+ 73. Kg1 Qd8 74. Qc6+ Kf7 75. Be5 (75. Qxa6 Qd1+ 76. Kh2 g3+ 77. Kxg3 Qg4+ 78. Kh2 Qf4+ 79. Kh1 Qc1+ 80. Kh2 Qxc3 $15) 75... Qe7 76. Qd5+ Qe6 77. Qb7+ Qe7 78. Qd5+ Qe6 79. Qd4 Qc4 {[%emt 2:07:31] An exciting game.   Weighted Error Value: White=0.15 (very precise) /Black=0.16 (very precise)} 1/2-1/2